Map: Automaton LE

Players

HeroMarine - Winner!

  • Race: Terran Terran
  • Spawn Location: 9:00

Bly

  • Race: Zerg Zerg
  • Spawn Location: 3:00

Event: 2019 WCS Spring

VOD

Have the link to the VOD?

Description

Time

  • Played on: May 17, 2019, 10:38 a.m.
  • Length: 10:01

All games in this series

Show
View Real Time Build Order
Export as new Build Order

HeroMarine Terran - Winner!

Build Orders: Reaper Expand 

Get SALT Encoding   

  12  0:00  SCV  
  13  0:12  SCV  
  14  0:18  Supply Depot  
  14  0:24  SCV  
  15  0:39  SCV  
  15  0:42  Barracks  
  16  0:44  Refinery  
  16  0:51  SCV  
  17  1:03  SCV  
  18  1:15  SCV  
  19  1:30  Reaper  
  19  1:31  Orbital Command  
  20  1:43  Command Center  
  20  1:54  Supply Depot  
  20  1:57  SCV  
  21  2:02  Marine  
  22  2:09  SCV  
  22  2:12  Factory  
  23  2:19  Bunker  
  23  2:21  SCV  
  24  2:25  Marine  
  25  2:33  SCV  
  25  2:34  Refinery  
  26  2:44  Barracks Reactor  
  26  2:45  SCV  
  27  2:56  Hellion  
  27  2:57  SCV  
  30  2:59  Orbital Command  
  30  3:10  SCV  
  30  3:12  Starport  
  31  3:20  Marine, Factory Tech Lab  
  31  3:21  Marine  
  31  3:22  SCV  
  31  3:27  SCV  
  35  3:34  SCV  
  36  3:38  Supply Depot  
  36  3:39  SCV, Cyclone  
  36  3:41  Marine x2  
  40  3:46  SCV  
  42  3:49  Medivac  
  42  3:51  SCV  
  45  3:58  SCV  
  45  3:59  Marine x2  
  48  4:03  SCV  
  48  4:06  Supply Depot  
  49  4:10  SCV  
  49  4:15  SCV  
  51  4:21  Factory Tech Lab  
  51  4:22  SCV, Starport Reactor  
  52  4:25  Barracks  
  52  4:27  SCV  
  52  4:28  Barracks  
  53  4:31  Marine  
  53  4:32  Stimpack  
  53  4:33  Supply Depot  
  53  4:34  SCV  
  55  4:39  SCV  
  56  4:46  SCV  
  56  4:49  Marine  
  56  4:51  SCV  
  59  4:54  Command Center  
  59  4:58  SCV  
  60  5:01  Engineering Bay  
  60  5:04  Engineering Bay  
  60  5:05  Siege Tank  
  63  5:07  Starport Reactor, Marine  
  63  5:09  SCV  
  63  5:11  SCV, Supply Depot  
  66  5:15  Marine  
  66  5:16  Marine  
  67  5:21  Refinery  
  67  5:25  Marine  
  67  5:26  Marine x2  
  70  5:30  Supply Depot  
  70  5:31  Terran Infantry Weapons Level 1, Terran Infantry Armor Level 1  
  70  5:38  Marine x2  
  72  5:42  Marine  
  72  5:43  SCV x2  
  72  5:49  Medivac, Marine x2  
  77  5:52  Refinery  
  77  5:55  Supply Depot  
  77  5:56  Medivac  
  79  5:57  Marine  
  79  5:58  Marine  
  79  6:00  Marine  
  82  6:06  Factory Reactor  
  82  6:07  Marine, Missile Turret  
  83  6:11  Orbital Command  
  83  6:19  Marine x3  
  83  6:20  Marine  
  83  6:24  Medivac  
  83  6:25  Marine  
  89  6:26  Medivac  
  91  6:37  Marine x3  
  91  6:38  Missile Turret  
  97  6:44  Marine x2  
  96  6:53  Widow Mine x2  
  98  6:55  Marine x2  
  96  7:01  Viking x2  
  96  7:04  Marine x3  
  102  7:13  Marine x2  
  102  7:15  Widow Mine x2  
  104  7:21  Marine  
  104  7:22  Marine x2  
  97  7:30  Marine  
  97  7:31  SCV, Marine  
  97  7:32  SCV x2  
  97  7:39  Marine x2  
  97  7:42  Barracks Tech Lab  
  97  7:44  SCV x2  
  92  7:48  Marine x2  
  91  7:57  Marine x2  
  89  8:03  SCV, Medivac x2  
  94  8:06  Marine x3, Combat Shield  
  94  8:11  Factory Tech Lab  
  94  8:12  Orbital Command  
  95  8:14  SCV  
  95  8:15  SCV, Barracks, Marine x2  
  95  8:16  Barracks  
  95  8:19  Supply Depot x2, Missile Turret  
  99  8:24  Marine x3  
  99  8:26  SCV  
  101  8:27  SCV  
  101  8:29  Missile Turret  
  101  8:31  Siege Tank  
  101  8:33  Marine x2  
  105  8:37  Missile Turret  
  105  8:38  SCV  
  105  8:39  SCV  
  107  8:42  Marine x3  
  107  8:48  Medivac x2  
  109  8:50  SCV x2, Marine  
  109  8:51  SCV, Marine  
  114  8:59  Marine  
  114  9:00  Marine x2  
  115  9:02  SCV  
  115  9:03  SCV  
  115  9:04  SCV  
  115  9:06  Missile Turret  
  115  9:07  Barracks Reactor, Siege Tank  
  115  9:08  Marine x4  
  125  9:13  Armory  
  125  9:20  Supply Depot x2  
  125  9:22  SCV x2, Marine  
  125  9:23  Factory  
  128  9:25  Marine x2  
  128  9:26  Marine x2  
  128  9:27  Marine  
  128  9:30  Marine  
  132  9:34  SCV  
  133  9:39  SCV x2  
  133  9:40  Marine  
  133  9:43  Marine x4  
Show
View Real Time Build Order
Export as new Build Order

Bly Zerg 

Build Orders: Hatch First 

Get SALT Encoding   

  12  0:01  Drone  
  13  0:12  Overlord  
  13  0:18  Drone  
  14  0:32  Drone x2  
  16  0:48  Hatchery  
  15  0:52  Drone  
  15  0:55  Drone  
  17  0:59  Drone  
  18  1:10  Extractor  
  17  1:15  Spawning Pool  
  17  1:18  Drone  
  17  1:21  Drone  
  18  1:28  Drone  
  19  1:39  Drone  
  20  1:49  Overlord  
  20  2:01  Queen x2  
  20  2:02  Zergling x4  
  26  2:11  Drone x2  
  26  2:14  Metabolic Boost  
  28  2:31  Drone  
  28  2:32  Drone  
  28  2:33  Extractor  
  28  2:35  Drone x2  
  31  2:40  Queen  
  34  2:46  Extractor  
  34  2:48  Overlord  
  33  2:51  Zergling x2  
  33  2:56  Zergling x2  
  34  3:09  Zergling x2  
  34  3:10  Zergling x2  
  35  3:13  Drone x2, Lair  
  35  3:14  Drone x3  
  40  3:23  Drone  
  40  3:24  Drone x2  
  43  3:29  Drone  
  44  3:38  Extractor  
  44  3:39  Drone  
  44  3:40  Extractor  
  43  3:42  Extractor  
  43  3:44  Drone x2  
  44  3:49  Overlord  
  44  3:50  Overlord  
  44  3:54  Overlord  
  44  4:07  Overlord  
  44  4:13  Drone  
  44  4:16  Drone x4  
  49  4:17  Spire  
  49  4:20  Drone x3  
  49  4:24  Drone x3  
  54  4:26  Drone  
  54  4:48  Zergling x10  
  54  4:49  Hatchery  
  57  5:16  Overlord  
  57  5:26  Drone, Overlord  
  57  5:28  Zergling x4  
  60  5:32  Overlord x2  
  60  5:38  Overlord  
  56  5:57  Mutalisk x9  
  74  6:16  Mutalisk x4  
  82  6:20  Drone x3, Roach Warren  
  84  6:29  Overlord  
  79  6:40  Overlord  
  79  6:43  Spine Crawler  
  79  6:44  Spine Crawler x2  
  76  7:02  Roach x9  
  90  7:18  Roach x8  
  102  7:27  Roach  
  102  7:28  Roach x3  
  96  7:41  Roach x7  
  72  7:54  Mutalisk x5  
  75  8:04  Roach x2  
  67  8:18  Nydus Network  
  66  8:26  Roach x3  
  72  8:28  Nydus Network  
  72  8:31  Roach  
  74  8:35  Roach x2  
  74  8:40  Roach x2  
  82  8:48  Roach x2  
  84  9:00  Roach x4  
  90  9:04  Overlord  
  90  9:09  Nydus Canal  
  90  9:14  Roach  
  90  9:15  Roach x2  
  96  9:27  Nydus Canal  
  96  9:34  Nydus Canal  
  96  9:35  Roach x3  
  96  9:36  Roach  
  102  9:48  Nydus Canal  
Tags
 
Add a new tag
Caveats
  • Supply blocks, unpowered buildings, or Contaminate may cause inaccurate times.
  • Supply counts are checked every 10 seconds.